 Dungeon Crawl Stone Soup version 0.20.0-15-g7f486f2 (webtiles) character file.

61 Chiseanne the Magician (level 3, 24/24 HPs)
             Began as a Demonspawn Wizard on June 15, 2017.
             Quit the game on level 2 of the Dungeon.
             The game lasted 00:02:36 (1977 turns).

Chiseanne the Magician (Demonspawn Wizard)          Turns: 1977, Time: 00:02:36

Health: 24/24      AC:  2    Str:  7    XL:     3   Next: 83%
Magic:  8/8        EV: 12    Int: 20    God:
Gold:   168        SH:  0    Dex: 11    Spells: 8/9 levels left

rFire    . . .     SeeInvis .   x - -3 short sword (curse)
rCold    . . .     Gourm    +   (no shield)
rNeg     . . .     Faith    .   a - +0 robe
rPois    .         Spirit   .   b - +0 hat
rElec    .         Reflect  .   (no cloak)
rCorr    .         Harm     .   (no gloves)
MR       .....                  (no boots)
Stlth    ++........             e - amulet of the gourmand
Regen    0.1/turn               (no ring)
MPRegen  0.2/turn               (no ring)

@: very slightly contaminated
A: spiny 1
a: no special abilities


You were on level 2 of the Dungeon.
You were very full.

You visited 1 branch of the dungeon, and saw 2 of its levels.

You collected 168 gold pieces.

Inventory:

Hand Weapons
 f - a +1 dagger
 j - a +0 short sword
 x - a cursed -3 short sword (weapon)
Missiles
 g - 24 bolts
 h - 27 poisoned needles
 i - 51 stones (quivered)
Armour
 a - a +0 robe (worn)
 b - a +0 hat (worn)
Jewellery
 e - an amulet of the gourmand (around neck)
Scrolls
 p - a scroll of noise {unknown}
 r - a scroll of teleportation {unknown}
 s - a scroll of recharging {unknown}
 u - a scroll of fog {unknown}
 w - a scroll of identify {unknown}
Potions
 l - a potion of heal wounds {unknown}
 n - 2 potions of curing {unknown}
 q - a potion of flight {unknown}
 v - a potion of mutation {unknown}
Books
 c - a book of Minor Magic

   Spells                             Type                      Level
   a - Magic Dart                     Conjuration                  1
   b - Blink                          Translocation                2
   c - Call Imp                       Summoning                    2
   d - Slow                           Hexes                        2
   e - Conjure Flame                  Conjuration/Fire             3
   f - Mephitic Cloud                 Conjuration/Poison/Air       3
Comestibles
 d - 2 bread rations
 t - a meat ration


   Skills:
 - Level 1.7 Dodging
 - Level 1.7 Stealth
 * Level 3.8 Spellcasting
 * Level 2.6 Conjurations
   Level 1.0 Summonings
   Level 0.8 Translocations


You had 8 spell levels left.
You knew the following spells:

 Your Spells              Type           Power        Failure   Level  Hunger
a - Magic Dart            Conj           ##..         4%          1    None


Dungeon Overview and Level Annotations

Branches:
Dungeon (2/15)

Altars:
Fedhas


Innate Abilities, Weirdness & Mutations

You are partially covered in sharp spines.


Message History

x - a book of Misfortune You drop a book of Misfortune.
You see here a runed short sword.
x - a runed short sword
As you read the scroll labeled SUXIACW DEUNG, it crumbles to dust.
The air around you briefly surges with heat, but it dissipates.
It was a scroll of immolation.
Blink to where?
Press: ? - help, Dir - move target cursor You are very lightly contaminated with residual magic.
As you read the scroll labeled VAIMEW WEIBE, it crumbles to dust.
It was a scroll of blinking.
As you read the scroll labeled BAGEME JACWAMM, it crumbles to dust.
You feel as if something is helping you.
It was a scroll of remove curse.
Okay, then.
Wield which item (- for none, * to show all)? (? for menu, Esc to quit)
It sticks to your hand!
x - a cursed -3 short sword (weapon)
Are you sure you want to abandon this character and quit the game? (Confirm with "yes".)

..# ....... #.#
..# #### #....#
#.# ..### ....
#..#)# #.# #...#
#.#.###....####.#
#.#.#
#.#.....#.......#
###.#
#.##...##..######
..#.#
#.#........#
..#.#
#.#....#...#
#.#.#
#.@..:.#...#
#...#
####...#...#
#...# #####...#
....# #..># ..###
##### ..# ..# #.#
#.#


There were no monsters in sight!

Vanquished Creatures
  An adder (D:2)
  An ooze (D:1)
  A worm (D:2)
  A dart slug (D:1)
  2 leopard geckos
  A ball python (D:2)
  6 bats
  4 giant cockroaches
  5 goblins
  4 hobgoblins
  3 jackals (D:1)
  A quokka (D:2)
  4 kobolds
  4 rats
38 creatures vanquished.

Notes
Turn   | Place    | Note
-------+----------+-------------------------------------------
     0 | D:1      | Chiseanne the Demonspawn Wizard began the quest for the Orb.
     0 | D:1      | Reached XP level 1. HP: 13/13 MP: 4/4
   319 | D:1      | Gained mutation: You are partially covered in sharp spines. [demonic ancestry]
   319 | D:1      | Reached XP level 2. HP: 15/19 MP: 1/6
   932 | D:1      | Reached XP level 3. HP: 19/24 MP: 8/8
  1760 | D:2      | Found a blossoming altar of Fedhas.
  1977 | D:2      | Quit the game

Skill      XL: |  1  2 |
---------------+-------+-----
Conjurations   | 2 |  2.6
Dodging        | |  1.7
Stealth        | |  1.7
Spellcasting   | |  3.8
Summonings     | |  1.0
Translocations | |  0.8

Action                   || total
-------------------------++-------
Melee: Dagger            ||    88
 Cast: Magic Dart        ||    29
  Use: Scroll            ||     4
 Stab: Sleeping          ||     3
  Eat: Chunk             ||    11
Armor: Robe              ||    13
Dodge: Dodged            ||    57
